 Dungeon Crawl Stone Soup version 0.26-a0-451-gacbe401039 (webtiles) character file.

Game seed: 2152501164726303458

1676 KristoblXynda the Ruffian (level 8, -2/67 HPs)
             Began as a Troll Hedge Wizard on July 27, 2020.
             Was a Follower of Ashenzari.
             Slain by an iguana (3 damage)
             ... on level 6 of the Dungeon.
             The game lasted 00:07:01 (4206 turns).

KristoblXynda the Ruffian (Troll Hedge Wizard)      Turns: 4206, Time: 00:07:01

Health: -2/67      AC:  9    Str: 19    XL:     8   Next: 70%
Magic:  10/10      EV: 10    Int: 12    God:    Ashenzari [*.....]
Gold:   283        SH:  0    Dex:  9    Spells: 10/11 levels left

rFire    . . .     SeeInvis .     - Unarmed
rCold    . . .     Faith    .   (no shield)
rNeg     . . .     Spirit   .   r - +0 robe
rPois    +         Reflect  .   c - +0 hat
rElec    .         Harm     .   s - +2 cloak {rPois} (curse)
rCorr    .                      (gloves unavailable)
MR       .....                  (boots unavailable)
Stlth    +.........             (no amulet)
HPRegen  0.61/turn              (no ring)
MPRegen  0.12/turn              (no ring)

@: marked, stab
A: large, unfitting armour, claws 3, regeneration 1, shaggy fur 1, tough skin 3
a: Curse Item, Scrying, Renounce Religion


You were on level 6 of the Dungeon.
You worshipped Ashenzari.
Ashenzari was aware of your devotion.
You visited 1 branch of the dungeon, and saw 6 of its levels.

You collected 283 gold pieces.

Inventory:

Armour
 c - a +0 hat (worn)
 r - a +0 robe (worn)
 s - a cursed +2 cloak of poison resistance (worn)
Jewellery
 d - an uncursed ring of poison resistance
 g - an uncursed ring of ice
Scrolls
 a - a scroll of noise {unknown}
 f - 2 scrolls of magic mapping {unknown}
 i - 2 scrolls of identify
 j - 3 scrolls of remove curse
 m - a scroll of amnesia {unknown}
 n - 3 scrolls of teleportation
 o - 3 scrolls of enchant armour {unknown}
 q - a scroll of enchant weapon {unknown}
Potions
 b - a potion of resistance {unknown}
 e - a potion of stabbing
 h - a potion of flight
 k - a potion of brilliance
 l - a potion of might
 p - a potion of haste {unknown}


   Skills:
 - Level 1.5 Dodging
 - Level 1.0 Stealth
 + Level 7.8 Unarmed Combat
 - Level 2.0 Spellcasting
 + Level 6.0 Conjurations
   Level 0.6 Summonings
   Level 0.6 Translocations


You had 10 spell levels left.
You knew the following spells:

 Your Spells              Type           Power        Failure   Level
a - Magic Dart            Conj           ###.         2%          1

Your spell library contained the following spells:

 Spells                   Type           Power        Failure   Level
 Apportation              Tloc           #.....       22%         1
 Summon Small Mammal      Summ           #...         22%         1
 Conjure Flame            Conj/Fire      #.......     24%         3
 Animate Skeleton         Necr           #.....       26%         1
 Corona                   Hex            #......      26%         1
 Blink                    Tloc           N/A          32%         2
 Call Imp                 Summ           #.......     32%         2
 Mephitic Cloud           Conj/Pois/Air  #.......     34%         3
 Slow                     Hex            #.......     38%         2
 Gell's Gravitas          Tloc           #.........   54%         3
 Confusing Touch          Hex            #.......     63%         3
 Petrify                  Tmut/Erth      #.......     95%         4
 Metabolic Englaciation   Hex/Ice        #.........   100%        5
 Yara's Violent Unravell  Hex/Tmut       #.........   100%        5


Dungeon Overview and Level Annotations

Branches:
Dungeon (6/15)             Temple (0/1) D:4

Altars:
Ashenzari
Fedhas
Gozag
Makhleb
Nemelex Xobeh
Okawaru
Uskayaw

Shops:
D:5 (   D:6 [


Innate Abilities, Weirdness & Mutations

You are too large for most types of armour.
You have claws for hands.
Your natural rate of healing is unusually fast.
You are covered in fur. (AC +1)
You have extremely tough skin. (AC +3)


Message History

The quokka is heavily wounded.
The quokka bites you.
* * * LOW HITPOINT WARNING * * *
You scratch the quokka.
You kill the quokka!
You closely miss the iguana.
The iguana is severely wounded.
You closely miss the iguana.
The iguana is severely wounded.
The iguana bites you.
* * * LOW HITPOINT WARNING * * *
You closely miss the iguana.
The iguana is severely wounded.
The iguana bites you.
* * * LOW HITPOINT WARNING * * *
Unknown command.
You closely miss the iguana.
The iguana is severely wounded.
The iguana bites you.
You die...

....##..# .......
#.#.##..###.......
#.#'#............. ###
##.'∩'............. .
...##..#+###.#.........
...#.#..†...##...........
............####.........
.....#.....######........
..## ##...(...@l.......##
..#######..######.#....##
........#..#......>.##.#
.......)#..............#
....###.)....####.######
# #..#...# ##.##
#..#)..###...##
...##.......#..#
.....##..####....########


You could see an iguana.

Vanquished Creatures
  Sigmund (D:2)
  Menkaure (D:6)
  Edmund (D:5)
  Duvessa (D:6)
  A sky beast (D:5)
  A phantom (D:5)
  2 ogres (D:4)
  2 bullfrogs (D:6)
  Dowan (D:6)
  Crazy Yiuf (D:5)
  3 orc priests
  A centaur skeleton (D:5)
  3 hounds
  2 orc wizards (D:5)
  An iguana (D:5)
  Natasha (D:2)
  2 worker ants
  A howler monkey skeleton (D:4)
  4 gnolls
  7 adders
  An ufetubus (D:5)
  5 worms
  3 dart slugs
  4 leopard geckos
  9 orcs
  5 bats
  4 giant cockroaches
  4 hobgoblins
  17 jackals
  5 kobolds
  6 quokkas
  2 ball pythons (D:1)
  3 frilled lizards
  7 goblins
  A jackal skeleton (D:5)
  A jackal zombie (D:5)
  A leopard gecko skeleton (D:4)
  7 rats
122 creatures vanquished.

Notes
Turn   | Place    | Note
-------+----------+-------------------------------------------
     0 | D:1      | KristoblXynda the Troll Hedge Wizard began the quest for
                  | the Orb.
     0 | D:1      | Reached XP level 1. HP: 16/16 MP: 2/2
   155 | D:1      | Reached skill level 1 in Conjurations
   186 | D:1      | Reached skill level 1 in Unarmed Combat
   186 | D:1      | Reached XP level 2. HP: 24/24 MP: 4/4
   595 | D:2      | Noticed Sigmund
   612 | D:2      | Killed Sigmund
   612 | D:2      | Reached skill level 3 in Unarmed Combat
   612 | D:2      | Reached XP level 3. HP: 11/31 MP: 5/5
   612 | D:2      | Reached XP level 4. HP: 14/39 MP: 6/6
   612 | D:2      | Reached XP level 5. HP: 17/45 MP: 7/7
   724 | D:2      | Found a blossoming altar of Fedhas.
   976 | D:2      | Found a burning altar of Makhleb.
   977 | D:2      | Found a hide-covered altar of Uskayaw.
  1219 | D:2      | You fall into a shaft and drop 1 floor!
  1221 | D:3      | Noticed Natasha
  1241 | D:2      | Reached skill level 4 in Unarmed Combat
  1291 | D:2      | Found a shattered altar of Ashenzari.
  1298 | D:2      | Became a worshipper of Ashenzari the Shackled
  1323 | D:2      | Reached XP level 6. HP: 41/53 MP: 8/8
  1623 | D:2      | Killed Natasha
  2083 | D:3      | Found an opulent altar of Gozag.
  2089 | D:3      | Found a sparkling altar of Nemelex Xobeh.
  2092 | D:3      | Found an iron altar of Okawaru.
  2356 | D:4      | Found a staircase to the Ecumenical Temple.
  2493 | D:4      | Reached skill level 5 in Unarmed Combat
  2493 | D:4      | Reached XP level 7. HP: 59/59 MP: 9/9
  3066 | D:5      | Entered Level 5 of the Dungeon
  3126 | D:5      | Noticed Edmund
  3143 | D:5      | Killed Edmund
  3175 | D:5      | HP: 2/59 [worker ant (8)]
  3308 | D:5      | Reached skill level 6 in Unarmed Combat
  3390 | D:5      | Found Huirphui's Antique Weapon Emporium.
  3414 | D:5      | Reached * piety under Ashenzari
  3652 | D:5      | Reached XP level 8. HP: 62/67 MP: 10/10
  3657 | D:5      | Reached skill level 5 in Conjurations
  3858 | D:5      | Found a runed translucent door.
  3859 | D:5      | Noticed Crazy Yiuf
  3978 | D:5      | Killed Crazy Yiuf
  4119 | D:6      | Reached skill level 7 in Unarmed Combat
  4124 | D:6      | Found Orhued's Armour Emporium.
  4140 | D:6      | Noticed Dowan
  4145 | D:6      | Noticed Duvessa
  4154 | D:6      | Killed Duvessa
  4168 | D:6      | Killed Dowan
  4186 | D:6      | Noticed Menkaure
  4200 | D:6      | Killed Menkaure
  4204 | D:6      | HP: 1/67 [iguana (4)]
  4206 | D:6      | Slain by an iguana

Illustrated notes

Levels and vault maps discovered:
D:1:      ncdulo_smallfort, layout_loops_ring, minivault_14
D:2:      lemuel_upstairs_altar, layout_loops_ring, lemuel_crystal_altar,
          gammafunk_temple_overflow_statue, uniq_sigmund
D:3:      layout_rooms, minitemple, chequers_avenue, uniq_natasha
D:4:      layout_loops_ring, minmay_temple_entry_tees
D:5:      layout_basic, serial_shops, shop, kennysheep_cluttered_room,
          uniq_edmund, uniq_crazy_yiuf_cottage
D:6:      layout_loops_ring, lemuel_coloured_pillars_altar, serial_shops,
          nicolae_shop_behind_doors, kennysheep_mini_moat, nicolae_shop_trees,
          uniq_blork_the_orc, uniq_menkaure, uniq_duvessa

Skill      XL: |  1  2  3  4  5  6  7  8 |
---------------+-------------------------+-----
Conjurations   | 1 2 3 4 6 |  6.0
Unarmed Combat | 1 3 4 5 6 7 |  7.8
Dodging        | |  1.5
Stealth        | |  1.0
Spellcasting   | |  2.0
Summonings     | |  0.6
Translocations | |  0.6

Action                   |  1- 3 |  4- 6 |  7- 9 || total
-------------------------+-------+-------+-------++-------
Melee: Unarmed           |    66 |   218 |   156 ||   440
       Punch             |       |     3 |     6 ||     9
Invok: Curse Item        |       |       |     1 ||     1
  Use: Scroll            |       |     5 |     3 ||     8
       Potion            |       |       |     5 ||     5
 Stab: Sleeping          |     1 |     1 |     1 ||     3
Armor: Robe              |    33 |   116 |    19 ||   168
       Skin              |       |       |    16 ||    16
Dodge: Dodged            |    26 |   179 |    50 ||   255

Table legend: (Time is in decaauts)
 A = Elapsed time spent in this place.
 B = Non-inter-level travel time spent in this place.
 C = Inter-level travel time spent in this place.
 D = Time resting spent in this place.
 E = Time spent auto-exploring this place.
 F = Levels seen in this place.
 G = Mean time per level.
                   A        B        C        D        E       F      G
               +--------+--------+--------+--------+--------+-----+--------+
         Total |   4196 |   4093 |    103 |    535 |   2540 |   6 |  699.3 |
       Dungeon |   4196 |   4093 |    103 |    535 |   2540 |   6 |  699.3 |
               +--------+--------+--------+--------+--------+-----+--------+

Top non-repeatable levels by time:
     D:2: 1095 daAuts
     D:5: 975 daAuts
     D:4: 890 daAuts
     D:1: 592 daAuts
     D:3: 481 daAuts
     D:6: 160 daAuts
